 Dungeon Crawl Stone Soup version 0.25-a0-937-gcfae464cf3 (webtiles) character file.

Game seed: 16960001414079556881, levelgen mode: deterministic

428933 Flugkiller the Warrior (level 23, -4/217 HPs)
             Began as a Ghoul Hunter on May 4, 2020.
             Was a Follower of Uskayaw.
             Hit by a large rock thrown by a stone giant (21 damage)
             ... on level 5 of the Vaults.
             The game lasted 01:46:00 (64651 turns).

Flugkiller the Warrior (Ghoul Hunter)              Turns: 64651, Time: 01:46:00

Health: -4/217     AC: 27    Str: 27    XL:     23   Next: 87%
Magic:  35/35      EV: 21    Int:  6    God:    Uskayaw [*.....]
Gold:   1462       SH:  0    Dex: 14    Spells: 22/22 levels left

rFire    + . .     SeeInvis .   u - +7 pair of quick blades "Gyre" and "Gimble" {protect}
rCold    + . .     Gourm    .   (shield currently unavailable)
rNeg     + + +     Faith    .   y - +0 storm dragon scales
rPois    ∞         Spirit   .   z - +2 helmet
rElec    +         Reflect  .   D - +2 cloak {MR+}
rCorr    .         Harm     .   I - +2 pair of gloves of Ceonisor {rPois Str+6 Stlth+}
MR       ++...                  (no boots)
Stlth    ++++......             (no amulet)
HPRegen  0.00/turn              b - +5 ring of evasion
MPRegen  0.24/turn              r - ring of protection from fire

@: about to teleport, rotting, heavily drained
A: rotting body, claws 1, carnivore, cold resistance 1, negative energy
resistance 3, inhibited regeneration, torment resistance, unbreathing
}: 2/15 runes: serpentine, barnacled
a: Stomp, Renounce Religion


You were on level 5 of the Vaults.
You worshipped Uskayaw.
Uskayaw was most pleased with you.
You were not hungry.

You visited 8 branches of the dungeon, and saw 40 of its levels.
You also visited: Ice Cave and Wizlab.

You collected 4376 gold pieces.
You spent 2914 gold pieces at shops.

Inventory:

Hand Weapons
 u - the +7 pair of quick blades "Gyre" and "Gimble" (weapon) {protect}
   (You found it on level 5 of the Lair of Beasts)

   It grants its wielder temporary protection when it strikes (+7 to AC).
Missiles
 c - 53 silver javelins
 d - 5 throwing nets
 x - 69 javelins
 M - 2 curare-tipped darts (quivered)
Armour
 w - a +2 cloak of invisibility
   (You took it off Nikola on level 3 of the Shoals)
 y - +0 storm dragon scales (worn)
   (You found it on level 5 of the Vaults)
 z - a +2 helmet (worn)
   (You took it off Robin on level 3 of the Dungeon)
 B - +0 fire dragon scales
   (You found it on level 4 of the Vaults)
 D - a +2 cloak of magic resistance (worn)
   (You bought it in a shop on level 3 of the Shoals)
 I - the +2 pair of gloves of Ceonisor (worn) {rPois Str+6 Stlth+}
   (You found it in an ice cave)

   It affects your strength (+6).
   It protects you from poison.
   It makes you more stealthy.
 W - a +2 plate armour of cold resistance
   (You found it on level 14 of the Dungeon)
Jewellery
 b - a +5 ring of evasion (left hand)
   (You found it on level 1 of the Snake Pit)
 e - the ring "Xukk" {EV+4 Int+4}
   (You found it on level 6 of the Lair of Beasts)

   [ring of evasion]

   It affects your evasion (+4).
   It affects your intelligence (+4).
 j - the ring "Doeb" {Str+4 Dex+5 SInv}
   (You found it on level 3 of the Shoals)

   [ring of see invisible]

   It affects your strength (+4).
   It affects your dexterity (+5).
   It lets you see invisible.
 k - the ring of Gotiqoer {rElec rPois rN+}
   (You took it off a wight on level 8 of the Dungeon)

   [ring of poison resistance]

   It insulates you from electricity.
   It protects you from poison.
   It protects you from negative energy.
 r - a ring of protection from fire (right hand)
   (You found it on level 1 of the Shoals)
 N - the ring of the Mage {Wiz MR++ Int+3}
   (You bought it in a shop on level 2 of the Orcish Mines)

   [ring of wizardry]

   It improves your spell success rate.
   It affects your intelligence (+3).
   It affects your resistance to hostile enchantments.
 X - an uncursed amulet of harm
   (You found it on level 5 of the Lair of Beasts)
Wands
 h - a wand of clouds (7)
   (You found it on level 1 of the Shoals)
 l - a wand of iceblast (11)
   (You found it on level 3 of the Lair of Beasts)
 q - a wand of disintegration (11)
   (You found it on level 13 of the Dungeon)
 K - a wand of enslavement (6)
   (You found it on level 8 of the Dungeon)
 T - a wand of paralysis (28)
   (You found it on level 4 of the Lair of Beasts)
 V - a wand of digging (12)
   (You found it on level 6 of the Lair of Beasts)
Scrolls
 a - 3 scrolls of enchant armour
 g - 11 scrolls of teleportation
 t - 14 scrolls of identify
 A - 2 scrolls of torment
 C - 11 scrolls of magic mapping
 G - 5 scrolls of immolation
 L - 2 scrolls of summoning
 Q - 8 scrolls of fog
 R - 3 scrolls of vulnerability
 S - 7 scrolls of remove curse
Potions
 m - 16 potions of curing
 o - a potion of cancellation
 p - a potion of resistance
 s - 4 potions of magic
 v - 4 potions of stabbing
 H - 6 potions of flight
 J - a potion of ambrosia
 O - 3 potions of haste
 P - 2 potions of invisibility
 Y - 3 potions of might
Comestibles
 f - 62 rations
 i - 9 chunks of flesh


   Skills:
 + Level 20.4(17.8) Fighting
 - Level 8.0(6.1) Short Blades
   Level 11.0(9.0) Polearms
   Level 7.5(6.1) Slings
 - Level 3.6(4.2) Throwing
 + Level 16.4(14.0) Armour
 - Level 14.0(11.8) Dodging
 - Level 18.0(15.6) Stealth
 + Level 18.4(16.0) Invocations
 - Level 6.0(4.2) Evocations


You had 22 spell levels left.
You didn't know any spells.
Your spell library contained the following spells:

 Spells                   Type           Power        Failure   Level  Hunger
 Animate Skeleton         Necr           N/A          88%         1    ##.....
 Apportation              Tloc           #.....       88%         1    ##.....
 Corona                   Hex            #......      88%         1    ##.....
 Foxfire                  Conj/Fire      #...         88%         1    ##.....
 Infusion                 Chrm           #...         88%         1    ##.....
 Magic Dart               Conj           #...         88%         1    ##.....
 Pain                     Necr           #...         88%         1    ##.....
 Sandblast                Erth           #.....       88%         1    ##.....
 Summon Butterflies       Summ           #.......     88%         1    ##.....
 Summon Small Mammal      Summ           #...         88%         1    ##.....
 Call Imp                 Summ           #.......     96%         2    ###....
 Corpse Rot               Necr/Air       N/A          96%         2    ###....
 Ensorcelled Hibernation  Hex/Ice        #.....       96%         2    ###....
 Passwall                 Tmut/Erth      #.......     96%         2    ###....
 Poisonous Vapours        Pois/Air       #.....       96%         2    ###....
 Searing Ray              Conj           #.....       96%         2    ###....
 Shroud of Golubria       Chrm/Tloc      #.....       96%         2    ###....
 Slow                     Hex            #.......     96%         2    ###....
 Song of Slaying          Chrm           #.......     96%         2    ###....
 Sticks to Snakes         Tmut           #.......     96%         2    ###....
 Call Canine Familiar     Summ           #.......     99%         3    ####...
 Confusing Touch          Hex            #.......     99%         3    ####...
 Conjure Flame            Conj/Fire      #.......     99%         3    ####...
 Dazzling Flash           Conj/Hex       #.....       99%         3    ####...
 Gell's Gravitas          Tloc           #.........   99%         3    ####...
 Ignite Poison            Fire/Tmut/Pois #.......     99%         3    ####...
 Inner Flame              Hex/Fire       #.......     99%         3    ####...
 Mephitic Cloud           Conj/Pois/Air  #.......     99%         3    ####...
 Ozocubu's Armour         Chrm/Ice       #.......     99%         3    ####...
 Portal Projectile        Hex/Tloc       #.....       99%         3    ####...
 Recall                   Summ/Tloc      N/A          99%         3    ####...
 Spectral Weapon          Hex/Chrm       #.......     99%         3    ####...
 Stone Arrow              Conj/Erth      #.....       99%         3    ####...
 Summon Guardian Golem    Hex/Summ       #.......     99%         3    ####...
 Tukima's Dance           Hex            #.......     99%         3    ####...
 Vampiric Draining        Necr           #.........   99%         3    ####...
 Airstrike                Air            #.........   100%        4    #####..
 Animate Dead             Necr           N/A          100%        4    #####..
 Cause Fear               Hex            #.........   100%        4    #####..
 Fulminant Prism          Conj/Hex       #.........   100%        4    #####..
 Iskenderun's Mystic Bla  Conj/Tloc      #.......     100%        4    #####..
 Leda's Liquefaction      Hex/Erth       #.........   100%        4    #####..
 Petrify                  Tmut/Erth      #.......     100%        4    #####..
 Sticky Flame             Conj/Fire      #.......     100%        4    #####..
 Summon Ice Beast         Ice/Summ       #.......     100%        4    #####..
 Summon Lightning Spire   Summ/Air       #.......     100%        4    #####..
 Agony                    Necr           #.......     100%        5    ######.
 Borgnjor's Vile Clutch   Necr/Erth      #.........   100%        5    ######.
 Fireball                 Conj/Fire      #.........   100%        5    ######.
 Irradiate                Conj/Tmut      #.........   100%        5    ######.
 Lee's Rapid Deconstruct  Erth           #.........   100%        5    ######.
 Metabolic Englaciation   Hex/Ice        #.........   100%        5    ######.
 Summon Demon             Summ           #.........   100%        5    ######.
 Summon Forest            Summ/Tloc      #.........   100%        5    ######.
 Summon Mana Viper        Hex/Summ       #.......     100%        5    ######.
 Yara's Violent Unravell  Hex/Tmut       #.........   100%        5    ######.
 Death Channel            Necr           #.........   100%        6    #######
 Eringya's Noxious Bog    Tmut/Pois      #.........   100%        6    #######
 Freezing Cloud           Conj/Ice/Air   #.........   100%        6    #######
 Simulacrum               Ice/Necr       #.........   100%        6    #######
 Ring of Flames           Chrm/Fire      #.........   100%        7    #######
 Summon Hydra             Summ           #.........   100%        7    #######
 Chain Lightning          Conj/Air       #.........   100%        8    #######
 Lehudib's Crystal Spear  Conj/Erth      #.........   100%        8    #######
 Absolute Zero            Ice            #.........   100%        9    #######
 Dragon's Call            Summ           #.........   100%        9    #######
 Fire Storm               Conj/Fire      #.........   100%        9    #######
 Beastly Appendage        Tmut           Unusable     N/A         1    N/A
 Spider Form              Tmut/Pois      Unusable     N/A         3    N/A
 Ice Form                 Ice/Tmut       Unusable     N/A         4    N/A
 Blade Hands              Tmut           Unusable     N/A         5    N/A
 Hydra Form               Tmut           Unusable     N/A         6    N/A
 Statue Form              Tmut/Erth      Unusable     N/A         6    N/A
 Dragon Form              Tmut           Unusable     N/A         7    N/A

Dungeon Overview and Level Annotations

Branches:
Dungeon (15/15)            Temple (1/1) D:7            Lair (6/6) D:11
 Shoals (4/4) Lair:3        Snake (4/4) Lair:2        Slime (0/5) Lair:6
    Orc (2/2) D:12            Elf (3/3) Orc:2        Vaults (5/5) D:14
  Crypt (0/3) Vaults:2     Depths (0/5) D:15          IceCv (visited)
 WizLab (visited)

Altars:
Ashenzari
Cheibriados
Dithmenos
Elyvilon
Fedhas
Gozag
Hepliaklqana
Kikubaaqudgha
Makhleb
Nemelex Xobeh
Okawaru
Qazlal
Ru
Sif Muna
Trog
Uskayaw
Vehumet
Wu Jian
Xom
Yredelemnul
Zin
The Shining One

Shops:
D:5 ?   D:11 !(!   Orc:2 (}=}?%((   Elf:1 %=?[?   Elf:2 *   Shoals:1 %
Shoals:3 [   Snake:2 *[}%   Vaults:1 }   Vaults:3 *[[[*

Annotations:
D:15 3 runed translucent doors, gruber's ghost, journeyman GrEE
Lair:5 3 runed translucent doors, Egid's ghost, journeyman DEWz
Shoals:1 exclusion: oklob plant
Vaults:5 Margery


Innate Abilities, Weirdness & Mutations

Your body is rotting away.
You thrive on raw meat.
You are immune to poison.
You have sharp fingernails.
You are carnivorous and can eat meat at any time.
Your flesh is cold resistant. (rC+)
You are immune to negative energy. (rN+++)
You do not regenerate when monsters are visible.
You are immune to unholy pain and torment.
You can survive without breathing.


Message History

* * * LOW HITPOINT WARNING * * *
The tengu reaver pecks you but does no damage.
The tengu reaver claws you but does no damage.
Eat one of 15 chunks of flesh? (ye/n/q)
You eat one of the 15 chunks of flesh.
This raw flesh tastes great!
Margery completely misses you. The tengu reaver completely misses you.
The tengu reaver misses you. x2
A stone giant comes into view.
Unknown command.
Eat one of 14 chunks of flesh? (ye/n/q)
You eat one of the 14 chunks of flesh.
This raw flesh tastes great!
Margery points at you and mumbles some strange words.
The bolt of fire misses you. The tengu reaver barely misses you.
The tengu reaver pecks you but does no damage.
The tengu reaver claws you.
* * * LOW HITPOINT WARNING * * *
Eat one of 13 chunks of flesh? (ye/n/q)
You eat one of the 13 chunks of flesh.
This raw flesh tastes great!
Margery gestures at you while chanting. The bolt of fire hits you! You resist.
* * * LOW HITPOINT WARNING * * *
The tengu reaver hits you but does no damage.
The tengu reaver pecks you but does no damage.
The tengu reaver closely misses you.
As you read the scroll of teleportation, it crumbles to dust.
You feel strangely unstable. Margery casts a spell at you.
The bolt of fire hits you!! You resist.
* * * LOW HITPOINT WARNING * * *
You can no longer pass through a line of other dancers.
Eat one of 12 chunks of flesh? (ye/n/q)
You eat one of the 12 chunks of flesh.
This raw flesh tastes great!
The tengu reaver hits you with a +1 vampiric long sword.
* * * LOW HITPOINT WARNING * * *
The tengu reaver completely misses you.
The tengu reaver claws you but does no damage.
Margery points at you and mumbles some strange words.
The bolt of fire hits you!! You resist.
* * * LOW HITPOINT WARNING * * *
Eat one of 11 chunks of flesh? (ye/n/q)
You eat one of the 11 chunks of flesh.
This raw flesh tastes great!
The tengu reaver hits you but does no damage.
The tengu reaver barely misses you.
The tengu reaver claws you but does no damage.
Margery hits you but does no damage.
Unknown command.
Eat one of 10 chunks of flesh? (ye/n/q)
You eat one of the 10 chunks of flesh.
This raw flesh tastes great!
The stone giant throws a large rock.
The large rock hits you!!
You die...

..........#.........)).........#
######.)✱)))..######
.......))<<.........
.......)<))<).......
....(..).<<).......
........[))).......
###########..)..)..#####
........@Qp✱..).)......#
........@÷C.#....#...e...
####..####)[#....#.....ee ....
#...|.#....#.....#e ?...
#....[#....##...##
#######..#.)#....# ....#
#..#..#.)#....# ......
#..#..#))#.... .....w #..####.)#
#....).))# .....


You could see Margery, a stone giant, a tengu reaver, a hell knight and a
battlesphere.

Vanquished Creatures
  2 ancient liches
  Bai Suzhen (Vaults:2)
  Nikola (Shoals:3)
  2 liches
  2 Ice Fiends (IceCv)
  A tentacled monstrosity (Vaults:5)
  Asterion (Vaults:1)
  2 quicksilver dragons (Vaults:5)
  A deep elf blademaster (Elf:3)
  4 deep elf master archers (Elf:3)
  2 titans
  Frances (Shoals:1)
  3 sphinxes
  2 ancient champions
  Kirke (D:15)
  2 krakens (Shoals:1)
  5 tengu reavers
  Agnes (D:14)
  Gastronok (Lair:1)
  A shadow dragon (Vaults:5)
  3 storm dragons
  Donald (Elf:2)
  7 nagarajas
  3 frost giants
  14 vault wardens
  2 orc warlords
  Aizul (Snake:2)
  6 deep elf sorcerers
  2 iron dragons (Vaults:5)
  9 deep elf elementalists
  20 ironheart preservers
  A war gargoyle (Vaults:5)
  A spriggan defender (Vaults:1)
  An entropy weaver (Vaults:3)
  A vampire knight (Vaults:1)
  4 very ugly things (Vaults:2)
  12 stone giants
  7 deep elf annihilators
  6 deep elf demonologists
  Snorg (Orc:2)
  9 ettins
  9 deep elf death magi
  6 merfolk javelineers
  Josephine (D:15)
  13 yaktaur captains
  Fannar (D:12)
  Erolcha (D:12)
  3 merfolk impalers
  4 deep elf high priests
  29 vault guards
  2 fire dragons
  9 ice dragons
  11 naga warriors
  10 hydras
  A rakshasa (D:13)
  4 merfolk avatars
  6 merfolk aquamancers
  3 centaur warriors
  3 alligator snapping turtles (Shoals:4)
  20 two-headed ogres
  32 dancing weapons
  Erica (Lair:2)
  6 death yaks
  11 anacondas
  3 satyrs (Shoals:4)
  8 ogre magi
  15 naga sharpshooters
  A deep troll earth mage (Vaults:2)
  4 shock serpents
  A deep troll shaman (Vaults:5)
  6 orc high priests
  24 deep elf knights
  Urug (Lair:5)
  2 small abominations (Elf:3)
  Nergalle (Lair:2)
  A fire crab (Lair:6)
  A salamander mystic (Snake:4)
  7 skeletal warriors (WizLab)
  18 sea snakes
  A hell knight (Vaults:5)
  A shadow wraith (Vaults:3)
  An unseen horror (D:10)
  2 glowing orange brains
  20 deep elf archers
  6 naga ritualists
  4 wizards
  8 deep trolls
  70 deep elf magi
  17 orc knights
  6 ironbrand convokers
  A lindwurm (Lair:6)
  Pikel (D:4)
  5 phantasmal warriors (Vaults:5)
  A necromancer (Vaults:5)
  20 harpies
  12 fauns
  6 mana vipers
  17 ugly things
  3 orc sorcerers
  4 manticores
  An oklob plant (Lair:1)
  A wolf spider (Vaults:2)
  6 salamanders
  17 cyclopes
  5 elephants (Lair:4)
  13 merfolk sirens
  2 ice statues (IceCv)
  8 water nymphs
  2 centaur zombies (D:14)
  2 guardian serpents
  28 black mambas
  2 black mambas (shapeshifter) (Vaults:2)
  18 vault sentinels
  9 spiny frogs
  20 naga magi
  A gargoyle (D:10)
  A rime drake (shapeshifter) (Vaults:4)
  An efreet (D:15)
  11 komodo dragons
  2 kobold demonologists
  A rime drake (Lair:4)
  5 freezing wraiths
  16 yaktaurs
  A yaktaur (shapeshifter) (D:13)
  29 merfolk
  2 tengu conjurers (D:14)
  2 jumping spiders (Vaults:3)
  14 ice devils (IceCv)
  6 trolls
  A wolf spider simulacrum (D:14)
  7 hornets
  2 raiju (shapeshifter)
  11 wind drakes
  A merfolk (shapeshifter) (Vaults:5)
  7 polar bears
  A hornet (shapeshifter) (Elf:1)
  A harpy skeleton (D:15)
  A slime creature (Vaults:1)
  A fire giant simulacrum (Vaults:3)
  14 snapping turtles
  7 dream sheep (Shoals:4)
  7 hippogriffs
  5 vampires
  Sigmund (D:3)
  5 wraiths
  A redback (Vaults:3)
  2 air elementals
  A human (D:7)
  A shadow (D:14)
  14 spriggans (Lair:6)
  6 water elementals
  25 yaks
  2 basilisks (shapeshifter)
  2 fire bats (shapeshifter)
  3 basilisks
  8 hogs
  2 fire elementals
  A golden eye (shapeshifter) (Vaults:4)
  6 wyverns
  2 steam dragons
  4 vampire mosquitoes (D:15)
  A hungry ghost (D:14)
  7 wargs
  39 nagas
  A soldier ant (D:15)
  Menkaure (D:4)
  3 acid dragons
  21 water moccasins
  3 two-headed ogre zombies (WizLab)
  3 porcupines
  46 orc warriors
  6 ice beasts
  2 eyes of draining
  5 sky beasts
  2 phantoms
  4 black bears
  22 wolves (Lair:6)
  14 centaurs
  30 ogres
  7 boggarts
  A crocodile (shapeshifter) (Vaults:5)
  8 crocodiles
  12 big kobolds
  20 bullfrogs
  A gnoll sergeant (Orc:2)
  An earth elemental (Elf:1)
  A wyvern zombie (D:10)
  A scorpion (D:8)
  9 troll zombies (WizLab)
  3 killer bees (D:11)
  13 wights
  7 electric eels (Snake:2)
  11 crimson imps
  3 bullfrog zombies
  4 quasits
  3 jellies
  9 hounds
  37 orc priests
  A bullfrog skeleton (D:10)
  6 centaur skeletons
  6 gnoll shamans (D:13)
  Jessica (D:3)
  4 worker ants
  3 iguanas
  25 orc wizards
  6 ogre zombies (WizLab)
  A hound skeleton (D:9)
  A worker ant zombie (D:10)
  Robin (D:3)
  A howler monkey skeleton (D:6)
  A howler monkey zombie (D:8)
  13 gnolls
  A river rat (D:11)
  13 adders
  A shadow imp (D:11)
  A white imp (IceCv)
  9 ufetubi (IceCv)
  An adder skeleton (D:4)
  2 worms
  3 dart slugs
  7 leopard geckos
  138 orcs
  5 ball pythons
  9 bats
  5 giant cockroaches
  12 goblins
  18 hobgoblins
  11 jackals
  A quokka (D:5)
  3 frilled lizards
  32 kobolds
  2 quokka zombies
  2 rats
  3 plants
  7 tentacles (Shoals:1)
1727 creatures vanquished.

Vanquished Creatures (others)
  A dream sheep (shapeshifter) (Vaults:5)
  A snapping turtle (Shoals:3)
  A naga (Snake:4)
  5 white imps (IceCv)
  2 ufetubi (IceCv)
  An adder skeleton (D:8)
  A ball python (Snake:4)
  A kobold (D:11)
  2 bushes (D:15)
  13 fungi
  8 plants
  3 tentacles (Shoals:1)
  4 toadstools (D:1)
43 creatures vanquished.

Grand Total: 1770 creatures vanquished

Notes
Turn   | Place    | Note
-------+----------+-------------------------------------------
     0 | D:1      | Flugkiller the Ghoul Hunter began the quest for the Orb.
     0 | D:1      | Reached XP level 1. HP: 17/17 MP: 0/0
   348 | D:1      | Reached XP level 2. HP: 24/25 MP: 1/1
   353 | D:1      | Reached skill level 3 in Fighting
   365 | D:1      | You fall into a shaft and drop 1 floor!
  1281 | D:1      | Reached XP level 3. HP: 7/33 MP: 2/2
  1678 | D:2      | Reached skill level 4 in Fighting
  2618 | D:3      | Reached skill level 1 in Polearms
  2706 | D:3      | Reached XP level 4. HP: 34/40 MP: 3/3
  2738 | D:3      | Noticed Sigmund
  2751 | D:3      | Noticed Robin
  3489 | D:3      | Reached XP level 5. HP: 44/45 MP: 4/4
  3555 | D:3      | Found a sacrificial altar of Ru.
  3564 | D:3      | Noticed Jessica
  3572 | D:3      | Killed Jessica
  4244 | D:3      | Found a faded altar of an unknown god.
  4244 | D:3      | Found a faded altar of an unknown god.
  4249 | D:3      | Found a glowing golden altar of the Shining One.
  4251 | D:3      | Found a stormy altar of Qazlal.
  4252 | D:3      | Found a sacrificial altar of Ru.
  4626 | D:3      | Killed Robin
  4990 | D:3      | Killed Sigmund
  4990 | D:3      | Reached XP level 6. HP: 45/51 MP: 5/5
  5212 | D:3      | Found a radiant altar of Vehumet.
  5332 | D:4      | Noticed Menkaure
  5336 | D:4      | Killed Menkaure
  5336 | D:4      | Reached XP level 7. HP: 59/59 MP: 6/6
  5493 | D:4      | Noticed Pikel
  5530 | D:4      | Killed Pikel
  5530 | D:4      | Reached skill level 5 in Slings
  5530 | D:4      | Reached skill level 5 in Fighting
  5530 | D:4      | Reached XP level 8. HP: 40/67 MP: 7/7
  6027 | D:5      | Entered Level 5 of the Dungeon
  6345 | D:5      | Found a shimmering altar of Xom.
  6346 | D:5      | Found a shimmering altar of Xom.
  6346 | D:5      | Found a shimmering altar of Xom.
  6353 | D:5      | Found a shimmering altar of Xom.
  6353 | D:5      | Found a shimmering altar of Xom.
  6353 | D:5      | Found a shimmering altar of Xom.
  6361 | D:5      | Found a shimmering altar of Xom.
  6460 | D:5      | Reached skill level 6 in Fighting
  6806 | D:5      | Found Genuuc's Magic Scroll Emporium.
  6809 | D:5      | Bought a scroll of identify for 28 gold pieces
  6809 | D:5      | Bought a scroll of identify for 28 gold pieces
  6809 | D:5      | Bought a scroll of identify for 28 gold pieces
  6809 | D:5      | Bought a scroll of identify for 28 gold pieces
  7385 | D:6      | Reached skill level 5 in Armour
  7516 | D:6      | Reached XP level 9. HP: 58/75 MP: 8/8
  7755 | D:6      | Got a scorched cloak
  7900 | D:6      | Identified the cursed +0 cloak of Bad Feelings {Str+3} (You
                  | found it on level 6 of the Dungeon)
  8074 | D:6      | Found a blossoming altar of Fedhas.
  8130 | D:6      | Found a shattered altar of Ashenzari.
  8528 | D:6      | Reached skill level 7 in Fighting
  9284 | D:7      | Found a staircase to the Ecumenical Temple.
  9299 | Temple   | Entered the Ecumenical Temple
  9312 | Temple   | Became a worshipper of Uskayaw the Reveler
  9328 | D:7      | Reached * piety under Uskayaw
  9340 | D:7      | Reached ** piety under Uskayaw
  9397 | D:7      | Found a shimmering blue altar of Sif Muna.
  9422 | D:7      | Reached skill level 1 in Invocations
  9650 | D:7      | Reached skill level 8 in Fighting
  9653 | D:7      | Reached *** piety under Uskayaw
  9662 | D:7      | Reached **** piety under Uskayaw
  9668 | D:7      | Reached ***** piety under Uskayaw
  9681 | D:7      | Reached ****** piety under Uskayaw
  9690 | D:7      | Reached XP level 10. HP: 58/87 MP: 10/12
  9841 | D:8      | Found a stormy altar of Qazlal.
  9857 | D:8      | Reached skill level 5 in Invocations
 10163 | D:8      | Identified the ring of Gotiqoer {rElec rPois rN+}
 10953 | D:8      | Noticed a kobold demonologist
 10962 | D:8      | Killed a kobold demonologist
 12079 | D:9      | Reached skill level 5 in Dodging
 12218 | D:9      | Found a shadowy altar of Dithmenos.
 12276 | D:9      | Reached XP level 11. HP: 89/94 MP: 14/14
 12406 | D:9      | Found a sparkling altar of Nemelex Xobeh.
 13145 | D:10     | Entered Level 10 of the Dungeon
 13246 | D:10     | Noticed a two-headed ogre
 13259 | D:10     | Killed a two-headed ogre
 13259 | D:10     | Reached skill level 9 in Fighting
 13259 | D:10     | Reached skill level 5 in Polearms
 13338 | D:10     | Noticed a two-headed ogre
 13779 | D:10     | Killed an unseen horror
 14096 | D:10     | Noticed a six-headed hydra
 14191 | D:10     | Noticed a two-headed ogre
 14463 | D:10     | Killed a six-headed hydra
 14717 | D:10     | Killed a two-headed ogre
 14717 | D:10     | Reached skill level 10 in Fighting
 15023 | D:10     | Killed a two-headed ogre
 15546 | D:11     | Found Pater's Distillery.
 15729 | D:11     | Bought a potion of haste for 130 gold pieces
 15729 | D:11     | Bought a potion of invisibility for 104 gold pieces
 15729 | D:11     | Bought a potion of cancellation for 104 gold pieces
 15838 | D:11     | Noticed a death yak
 15889 | D:11     | Noticed a purple ugly thing
 15890 | D:11     | Killed a death yak
 15890 | D:11     | Reached XP level 12. HP: 14/108 MP: 14/15
 16213 | D:11     | Noticed a seven-headed hydra
 16247 | D:11     | Noticed a five-headed hydra
 16318 | D:10     | Killed a five-headed hydra
 16318 | D:10     | Reached skill level 11 in Fighting
 16477 | D:11     | Found Borezy's Distillery.
 16486 | D:11     | Bought a potion of cancellation for 96 gold pieces
 16521 | D:11     | Found Zobes's Antique Weapon Boutique.
 16526 | D:11     | Noticed a death yak
 16543 | D:11     | Noticed a death yak
 16548 | D:11     | Killed a death yak
 16563 | D:11     | Killed a death yak
 16574 | D:11     | Killed a seven-headed hydra
 16759 | D:11     | Noticed a seven-headed hydra
 16772 | D:11     | Killed a seven-headed hydra
 16935 | D:11     | Found a staircase to the Lair.
 17244 | Lair:1   | Entered Level 1 of the Lair of Beasts
 17536 | Lair:1   | Reached skill level 10 in Polearms
 18067 | Lair:1   | Noticed a five-headed hydra
 19071 | Lair:1   | Got a translucent hunting sling
 19075 | Lair:1   | Identified the cursed +1 hunting sling of Woihiwabb {flame,
                  | rPois Dex-4 SInv} (You found it on level 1 of the Lair of
                  | Beasts)
 19122 | Lair:1   | Killed a six-headed hydra
 19313 | Lair:2   | Noticed Erica
 19346 | Lair:2   | Noticed Gastronok
 19558 | Lair:1   | Killed Gastronok
 19558 | Lair:1   | Reached XP level 13. HP: 38/115 MP: 19/19
 19740 | Lair:2   | Reached skill level 10 in Invocations
 19836 | Lair:2   | Killed Erica
 19985 | Lair:2   | Found a staircase to the Snake Pit.
 20371 | Lair:2   | Noticed Nergalle
 20395 | Lair:2   | Killed Nergalle
 21649 | Lair:3   | Found a staircase to the Shoals.
 23720 | Lair:5   | Noticed Egid's ghost (journeyman DEWz)
 23721 | Lair:5   | Noticed a minotaur
 23758 | Lair:5   | Found a runed translucent gate.
 23758 | Lair:5   | Found a runed translucent gate.
 23758 | Lair:5   | Found a runed translucent gate.
 23961 | Lair:5   | Found the +7 pair of quick blades "Gyre" and "Gimble"
                  | {protect}
 24171 | Lair:5   | Reached skill level 1 in Short Blades
 25327 | Lair:6   | Entered Level 6 of the Lair of Beasts
 25328 | Lair:6   | Found a staircase to the Slime Pits.
 25422 | Lair:6   | Reached skill level 10 in Armour
 25446 | Lair:6   | Reached XP level 14. HP: 62/124 MP: 21/21
 25859 | Lair:6   | Got a steaming jade ring
 26194 | Lair:6   | Noticed Urug
 26790 | Lair:5   | Killed Urug
 27217 | Lair:6   | Reached skill level 5 in Short Blades
 28302 | Lair:6   | Identified the ring "Xukk" {EV+4 Int+4} (You found it on
                  | level 6 of the Lair of Beasts)
 28466 | D:12     | Found a staircase to the Orcish Mines.
 29078 | D:12     | Noticed Fannar
 29103 | D:12     | Killed Fannar
 29373 | D:12     | Noticed Erolcha
 29395 | Orc:1    | Entered Level 1 of the Orcish Mines
 29399 | Orc:1    | Noticed an orc warlord
 29687 | D:13     | Found a shimmering altar of Xom.
 30919 | D:14     | Noticed Agnes
 30933 | D:14     | Killed Agnes
 30968 | D:14     | Found a gate to the Vaults.
 31030 | D:14     | Reached XP level 15. HP: 130/130 MP: 22/22
 31161 | D:14     | Found a shattered altar of Ashenzari.
 31220 | D:14     | Got an ichor-stained war axe
 31266 | D:14     | Identified the +11 war axe "Deedip" {protect, rPois rF-
                  | Int+8} (You found it on level 14 of the Dungeon)
 31603 | D:14     | Got a pitted dagger
 31613 | D:14     | Identified the +4 dagger of Mympymoeca {freeze, rElec MR+}
                  | (You found it on level 14 of the Dungeon)
 31657 | D:15     | Entered Level 15 of the Dungeon
 31661 | D:15     | Noticed Kirke
 31872 | D:15     | Killed Kirke
 31876 | D:15     | Reached skill level 12 in Fighting
 31887 | D:15     | Noticed Josephine
 31902 | D:15     | Killed Josephine
 32759 | D:15     | Found a staircase to the Depths.
 32927 | D:15     | Found a bloodstained altar of Trog.
 33097 | D:15     | Noticed gruber's ghost (journeyman GrEE)
 33105 | D:15     | Found a runed translucent gate.
 33105 | D:15     | Found a runed translucent gate.
 33105 | D:15     | Found a runed translucent gate.
 33115 | D:15     | Noticed a quicksilver dragon
 33115 | D:15     | a dire elephant changed into a quicksilver dragon
 33117 | D:15     | a quicksilver dragon changed into a minotaur
 33285 | D:15     | Noticed a fire giant
 33289 | D:15     | Noticed a sphinx
 33289 | D:15     | a fire giant changed into a sphinx
 33363 | Orc:1    | Killed an orc warlord
 34048 | Orc:2    | Entered Level 2 of the Orcish Mines
 34048 | Orc:2    | Found Bigg's Antique Weapon Boutique.
 34165 | Orc:2    | Noticed Snorg
 34178 | Orc:2    | Killed Snorg
 34277 | Orc:2    | Found Lykeohus's Magic Scroll Boutique.
 34285 | Orc:2    | Bought a scroll of magic mapping for 63 gold pieces
 34321 | Orc:2    | Found Vezaishraso's Food Shoppe.
 34358 | Orc:2    | Found a staircase to the Elven Halls.
 34383 | Orc:2    | Found Namimm's Weapon Shoppe.
 36561 | Orc:2    | Found Vecsozot's Gadget Emporium.
 36564 | Orc:2    | Found Yskoph's Antique Weapon Emporium.
 36565 | Orc:2    | Found Udomiret's Jewellery Emporium.
 36566 | Orc:2    | Found Ceqadeta's Gadget Shoppe.
 36804 | Snake:1  | Entered Level 1 of the Snake Pit
 36817 | Snake:1  | Noticed a nagaraja
 36825 | Snake:1  | Killed a nagaraja
 36825 | Snake:1  | Reached XP level 16. HP: 139/139 MP: 25/25
 37012 | Snake:1  | Found a frozen archway.
 37036 | IceCv    | Entered an ice cave
 37193 | IceCv    | Got a pair of slimy gloves
 37195 | IceCv    | Identified the +2 pair of gloves of Ceonisor {rPois Str+6
                  | Stlth+} (You found it in an ice cave)
 37316 | IceCv    | Noticed an Ice Fiend
 37316 | IceCv    | Noticed an Ice Fiend
 37355 | IceCv    | Killed an Ice Fiend
 37358 | IceCv    | Killed an Ice Fiend
 38242 | Snake:2  | Noticed Aizul
 38285 | Snake:2  | Killed Aizul
 38974 | Snake:2  | Found an ornate altar of the Wu Jian Council.
 39394 | Snake:2  | Found Hefe's General Store.
 39395 | Snake:2  | Found Efoekhle's Armour Shop.
 39395 | Snake:2  | Found Usarchial's Gadget Shop.
 39400 | Snake:2  | Found Himuecimm's Food Shop.
 39421 | Snake:2  | Bought a scroll of teleportation for 51 gold pieces
 39840 | Snake:3  | Reached skill level 13 in Fighting
 40365 | Snake:3  | Reached skill level 15 in Invocations
 40386 | Snake:3  | Reached XP level 17. HP: 147/150 MP: 23/27
 40601 | Snake:4  | Entered Level 4 of the Snake Pit
 40734 | Snake:4  | Reached skill level 14 in Fighting
 40922 | Snake:4  | Reached skill level 15 in Fighting
 41040 | Snake:4  | Reached skill level 16 in Fighting
 41269 | Snake:4  | Got a serpentine rune of Zot
 41717 | Snake:4  | Reached skill level 17 in Fighting
 42044 | Shoals:1 | Entered Level 1 of the Shoals
 42241 | D:12     | Killed Erolcha
 42392 | Orc:2    | Bought the ring of the Mage {Wiz MR++ Int+3} for 775 gold
                  | pieces
 42392 | Orc:2    | Found the ring of the Mage {Wiz MR++ Int+3}
 42997 | Shoals:1 | Identified the ring of Renwarchu {Int+2 Dex+3} (You found
                  | it on level 1 of the Shoals)
 43020 | Shoals:1 | Noticed a kraken
 43035 | Shoals:1 | Killed a kraken
 43159 | Shoals:1 | Noticed a kraken
 43172 | Shoals:1 | Killed a kraken
 43172 | Shoals:1 | Reached XP level 18. HP: 95/170 MP: 21/28
 43441 | Shoals:1 | Found an ancient bone altar of Kikubaaqudgha.
 43470 | Shoals:1 | Found Dumia's Food Shop.
 43807 | Shoals:2 | Noticed Frances
 43929 | Shoals:1 | Killed Frances
 44140 | Shoals:2 | Reached skill level 18 in Fighting
 45321 | Shoals:3 | Found Curunt's Armour Boutique.
 45341 | Shoals:3 | Bought a +1 cloak of magic resistance for 346 gold pieces
 45497 | Shoals:3 | Reached skill level 10 in Dodging
 45557 | Shoals:3 | Found a transporter.
 45567 | Shoals:3 | Noticed Nikola
 45594 | Shoals:3 | Killed Nikola
 45894 | Shoals:3 | Noticed a titan
 45914 | Shoals:3 | Killed a titan
 46371 | Shoals:3 | Found a transporter.
 46393 | Shoals:3 | Found the +11 plutonium sword {*Contam Stlth-}
 46597 | Shoals:3 | Got a scintillating copper amulet
 46615 | Shoals:3 | Identified the amulet "Jiam" {Faith Int+4} (You found it on
                  | level 3 of the Shoals)
 46616 | Shoals:3 | Identified the ring "Doeb" {Str+4 Dex+5 SInv} (You found it
                  | on level 3 of the Shoals)
 46655 | Shoals:4 | Entered Level 4 of the Shoals
 46943 | Shoals:4 | Got a shimmering dagger
 47164 | Shoals:4 | Reached skill level 5 in Stealth
 48272 | Shoals:4 | Reached XP level 19. HP: 142/179 MP: 29/29
 48294 | Shoals:4 | Reached skill level 10 in Stealth
 48511 | Shoals:4 | Got a barnacled rune of Zot
 49706 | Elf:1    | Entered Level 1 of the Elven Halls
 49900 | Elf:1    | Identified the Guide on Companions
 50030 | Elf:1    | Reached skill level 1 in Evocations
 50109 | Elf:1    | Found Niagy's Armour Shoppe.
 50129 | Elf:1    | Found Wexell's Jewellery Emporium.
 50244 | Elf:1    | Found Ywnoip's Food Shop.
 50419 | Elf:1    | Found Wuta's Magic Scroll Shoppe.
 50536 | Elf:1    | Bought a scroll of teleportation for 36 gold pieces
 50536 | Elf:1    | Bought a scroll of enchant armour for 90 gold pieces
 50680 | Elf:1    | Found Vehix's Magic Scroll Shoppe.
 50688 | Elf:1    | Bought a scroll of fog for 34 gold pieces
 50688 | Elf:1    | Bought a scroll of blinking for 127 gold pieces
 50688 | Elf:1    | Bought a scroll of fog for 34 gold pieces
 51072 | Elf:2    | Identified Ceruogri's Grimoire of Dhcmrlchtdj
 51089 | Elf:2    | Noticed Donald
 51099 | Elf:2    | Killed Donald
 51115 | Elf:2    | Identified the Volume of Axaxaxas mlö
 51146 | Elf:2    | Identified Ts'ui Pên's Catalogue of Forking Paths
 51193 | Elf:2    | Found Tipry's General Store.
 51721 | Elf:2    | Found a huge runed translucent gate.
 51721 | Elf:2    | Found a huge runed translucent gate.
 51721 | Elf:2    | Found a huge runed translucent gate.
 51722 | Elf:2    | Found a huge runed translucent gate.
 51724 | Elf:2    | Found a huge runed translucent gate.
 51977 | Elf:2    | Reached skill level 5 in Evocations
 52723 | Elf:2    | Reached XP level 20. HP: 178/186 MP: 30/30
 52858 | Elf:3    | Entered Level 3 of the Elven Halls
 53029 | Elf:3    | Reached skill level 15 in Stealth
 54246 | Elf:3    | Identified the cursed +1 robe of Hysteria {+Fly rElec rF-
                  | Str+6}
 54248 | Elf:3    | Identified the +11 quick blade "Nuleasho" {antimagic,
                  | Fragile +Inv Int+4 Dex+2}
 54268 | Elf:3    | Reached skill level 15 in Armour
 54530 | Elf:3    | Found the +8 whip "Snakebite" {curare, rPois}
 54825 | Vaults:1 | Entered Level 1 of the Vaults
 54911 | Vaults:1 | Found Nyolac's Gadget Boutique.
 55041 | Vaults:1 | Found a magical portal.
 55054 | WizLab   | Entered Zonguldrok's Shrine
 55517 | WizLab   | Noticed an antique lich
 55534 | WizLab   | Found the +9 sword of Zonguldrok {reap}
 55897 | WizLab   | Killed an antique lich
 55897 | WizLab   | Reached XP level 21. HP: 152/194 MP: 31/31
 56754 | Vaults:1 | Noticed Asterion
 56773 | Vaults:1 | Killed Asterion
 57566 | Vaults:2 | Noticed Bai Suzhen
 57576 | Vaults:2 | Killed Bai Suzhen
 57650 | Vaults:2 | Found a staircase to the Crypt.
 59283 | Vaults:3 | Reached XP level 22. HP: 140/202 MP: 33/33
 59304 | Vaults:3 | Found Wevidu's Antique Armour Shop.
 59305 | Vaults:3 | Found Leviosauj's Armour Boutique.
 59750 | Vaults:3 | Found Ipaps's Antique Armour Boutique.
 59759 | Vaults:3 | Bought an encrusted plate armour for 812 gold pieces
 59759 | Vaults:3 | Identified the +1 plate armour "Ynleguz" {Str+4} (You
                  | bought it in a shop on level 3 of the Vaults)
 59791 | Vaults:3 | Got a faintly humming kite shield
 59794 | Vaults:3 | Identified the +1 kite shield of Generosity {rF- Int+3}
                  | (You found it on level 3 of the Vaults)
 59842 | Vaults:3 | Found Veemp's Assorted Antiques.
 60635 | Vaults:3 | Found Fekix's Assorted Antiques.
 62573 | Vaults:5 | Entered Level 5 of the Vaults
 62616 | Vaults:5 | Reached skill level 19 in Fighting
 62627 | Vaults:5 | Noticed Margery
 62642 | Vaults:5 | Reached XP level 23. HP: 80/213 MP: 16/35
 62878 | Vaults:5 | Identified the cursed +1 triple sword of Integrity {vamp,
                  | rPois rF+ MR- SInv}
 62947 | Vaults:5 | Noticed an ancient lich
 62954 | Vaults:5 | Killed an ancient lich
 63336 | Vaults:5 | Reached skill level 20 in Fighting
 64641 | Vaults:5 | HP: 2/217 [tengu reaver/+1 vampiric long sword (9)]
 64649 | Vaults:5 | HP: 5/217 [Margery/bolt of fire (23)]
 64651 | Vaults:5 | Hit by a large rock thrown by a stone giant

Levels and vault maps discovered:
D:1:      ldierk_walled_garden_2, layout_basic, serial_co_window_serial,
          co_window_paths_b, co_window_corner_a, co_window_paths_a,
          co_window_of_opportunity_a, co_window_corner_a, co_window_broadway_b,
          co_window_unsneaky_path_a, co_window_corner_b, co_window_corner_b,
          co_window_unsneaky_path_b, co_window_cross_3, glass_columns_a,
          glass_columns_a, glass_columns_a
D:2:      layout_rooms, first_ration
D:3:      layout_loops_ring, chequers_temple_overflow_minitemple,
          lemuel_crystal_altar, hangedman_ru_absence, uniq_robin, uniq_sigmund,
          uniq_jessica
D:4:      layout_basic, uniq_menkaure, uniq_pikel
D:5:      layout_basic, serial_bayou, serial_bayou_pond_e, serial_bayou_shore_a,
          serial_bayou_pond_c, serial_bayou_pond_b, serial_shops,
          kennysheep_mini, xom_redecorated
D:6:      layout_layer_cave, kennysheep_mini_moat, lemuel_coloured_pillars_altar
D:7:      layout_cave_pools, lemuel_doored_altar, minmay_temple_entry_waves,
          grunt_livestock, hangedman_abyss_or_decor_stabs
D:8:      layout_layer_cave, special_room [special_room_kobold],
          grunt_qazlal_clouds
D:9:      layout_loops_ring, grunt_dithmenos_smoke_and_mirrors,
          lemuel_round_altar
D:10:     layout_cave_pools
D:11:     layout_long_grid, dpeg_lair_monsters, serial_glass, glass_columns_a,
          glass_columns_b, glass_columns_a, glass_columns_c, serial_shops, shop,
          nicolae_shop_crystal, shop_fountains
D:12:     layout_basic, erik_orc_4, kennysheep_generic_room_2, uniq_erolcha,
          uniq_fannar
D:13:     kennysheep_seaside_town, layout_basic, basic_altar
D:14:     layout_irregular_city, erik_vaults_1, lemuel_round_altar,
          minmay_the_grid_2x2 [minmay_the_grid_large_cup,
          minmay_the_grid_diamond_grid, minmay_the_grid_minigrid_medium,
          minmay_the_grid_prize_trominoes], uniq_agnes
D:15:     hangedman_depths_entry_civil_slaughter, layout_rooms,
          gammafunk_ghost_split, serial_park_square1
          [serial_park_minivault_5x5_1], trog_ov_bears_minmay, uniq_josephine,
          uniq_kirke
Temple:   nicolae_temple_no_exploring_needed
Lair:1:   layout_roguey, minmay_lair_oklob_items
Lair:2:   layout_layer_cave, minmay_snake_entry_guardpost_small,
          grunt_megastairs_3, uniq_gastronok, uniq_nergalle, uniq_erica
Lair:3:   layout_gridlike, elwin_shoals_entry_rooms
Lair:4:   layout_layer_cave, infiniplex_staircase_pool, grunt_megastairs_2
Lair:5:   layout_loops_ring, maelrawn_ghost_gauntlet_escape
Lair:6:   minmay_lair_end_enchanted_forest, layout_long_grid,
          dpeg_slime_entry_corner, grunt_megastairs_1, uniq_urug
Shoals:1: layout_shoals, serial_shops, nicolae_shop_behind_doors, ldierk_geyser,
          lemuel_oklob_altar
Shoals:2: layout_shoals, uniq_frances
Shoals:3: gammafunk_its_a_trap, layout_shoals, serial_shops, shop,
          st_sunken_temple, uniq_nikola
Shoals:4: shoals_end_simple, layout_shoals,
          nicolae_shoals_siren_and_animal_friends
Snake:1:  layout_rooms, portal_ice_cave_entry_frozen_things,
          serial_bayou_shore_b
Snake:2:  layout_rooms, basic_altar, minmay_shop_grid_forest,
          serial_bayou_lagoon_a, serial_bayou_lake_a, uniq_aizul
Snake:3:  cheibrodos_forgotten_conduit, layout_misc_corridors
Snake:4:  snake_pit, layout_onion_interference, minmay_snake_pond
Orc:1:    cheibrodos_orc_bank, layout_caves, nicolae_volcano_entry_hallway
Orc:2:    st_orc_pillars, layout_diamond_mine, serial_shops, shop,
          shop_fountains, shop, nicolae_shop_statue_plus, uniq_snorg
Elf:1:    elf_arrival_001, layout_gridlike, serial_shops,
          nicolae_shop_temple_entry_statues_fountains, shop,
          nicolae_shop_crystal, nicolae_shop_statue_plus, shop_statue,
          minmay_elf_demonology
Elf:2:    layout_geoelf_diagonals, serial_shops,
          nicolae_shop_temple_entry_statues_fountains,
          minmay_misc_feat_diagonals, abandoned_shop,
          bh_hangedman_babel_library, uniq_donald
Elf:3:    minmay_elf_hall_statues, layout_gridlike
Vaults:1: grunt_vaults_swirl, hangedman_vaults_restitches, v_alt_pattern_2,
          hangedman_vaults_nodes, sword_in_stone, grunt_vaults_diagonal,
          ontoclasm_vaults_misaligned, nicolae_vaults_alarming,
          nicolae_vaults_specimen_jars, ontoclasm_vaults_idyll, v_misc_31,
          layout_vaults_omnibox, serial_shops, shop, mu_enter_wizlab_5
Vaults:2: nicolae_vaults_quadrants, vaults_room_boxed, v_pattern_4,
          dpeg_vaults_monster_row, ontoclasm_vaults_ring_small,
          minmay_crypt_entry_nasty_monster, nicolae_vaults_yaktaur_gun_rack,
          vaults_room_fancy_cross, v_alt_pattern_4,
          nicolae_vaults_mini_display_case, layout_vaults_ring, uniq_bai_suzhen
Vaults:3: hangedman_vaults_maws, nicolae_vaults_rhombus_7,
          nicolae_vaults_what_the_h, vaults_standard_mumra_enter_the_diamond,
          v_misc_9, nicolae_vaults_rhombus_6, vaults_dpeg_ring,
          vaults_dpeg_cross, layout_vaults_chaotic_city, serial_shops,
          nicolae_shop_overgrown_old_shop, shop, shop, nicolae_shop_stone,
          nicolae_shop_stone
Vaults:4: hangedman_vaults_stretched_pinwheel, vaults_room_fours, v_rooms_6,
          ontoclasm_vaults_eye, nicolae_vaults_network_quinsquares
          [nicolae_vaults_network_quincunx_subvault,
          nicolae_vaults_network_quincunx_subvault,
          nicolae_vaults_network_quincunx_subvault,
          nicolae_vaults_network_quincunx_subvault],
          nicolae_vaults_little_squares_4, vaults_room_corners,
          layout_vaults_omnigrid
Vaults:5: serial_shops, uniq_margery

Skill      XL: |  1  2  3  4  5  6  7  8  9 10 11 12 13 14 15 16 17 18 19 20 21 22 23 |
---------------+----------------------------------------------------------------------+-----
Fighting       | 3 4 5 6 8 10 11 12 13 17 18 19 20 | 20.4
Polearms       | 1 2 4 7 10 11 | 11.0
Slings         | 2 4 5 7 |  7.5
Armour         | 2 5 7 8 10 11 13 16 | 16.4
Invocations    | 4 6 9 11 13 15 17 18 | 18.4
Dodging        | 5 9 11 13 14 | 14.0
Short Blades   | 3 8 |  8.0
Stealth        | 9 14 15 16 18 | 18.0
Evocations     | 5 6 |  6.0
Throwing       | |  3.6

Action                   |  1- 3 |  4- 6 |  7- 9 | 10-12 | 13-15 | 16-18 | 19-21 | 22-24 || total
-------------------------+-------+-------+-------+-------+-------+-------+-------+-------++-------
Melee: Short sword       |   100 |       |       |       |       |       |       |       ||   100
       Spear             |   107 |   168 |       |       |       |       |       |       ||   275
       Trident           |       |    38 |   251 |       |       |       |       |       ||   289
       Halberd           |       |       |       |   610 |   704 |       |       |       ||  1314
       Pair of quick bla |       |       |       |       |   775 |  1543 |  1461 |   906 ||  4685
 Fire: Hunting sling     |       |    37 |   307 |   206 |   164 |       |       |       ||   714
Throw: Javelin           |       |     2 |     7 |    16 |     5 |       |       |       ||    30
       Dart              |       |       |       |    24 |     2 |     2 |       |     3 ||    31
Invok: Stomp             |       |       |       |     4 |     6 |    41 |    19 |    22 ||    92
       Line Pass         |       |       |       |     1 |     4 |     2 |     1 |    10 ||    18
       Grand Finale      |       |       |       |       |     3 |     4 |    10 |     6 ||    23
 Abil: Evoke Invisibilit |       |       |       |       |       |     1 |     1 |       ||     2
Evoke: Wand              |       |       |       |     8 |     4 |       |     5 |     3 ||    20
       Phantom mirror    |       |       |       |       |       |       |       |     1 ||     1
  Use: Scroll            |       |     9 |    11 |     7 |    23 |    11 |     6 |    14 ||    81
       Potion            |       |       |       |     2 |     3 |     3 |     6 |    10 ||    24
 Stab: Sleeping          |     2 |     1 |       |       |       |       |     8 |     6 ||    17
       Distracted        |       |     1 |       |       |       |     1 |     3 |     1 ||     6
       Paralysed         |       |       |       |    30 |   103 |   154 |   105 |    66 ||   458
       Confused          |       |       |       |     1 |     2 |       |       |    12 ||    15
       Invisible         |       |       |       |       |       |     3 |    11 |       ||    14
  Eat: Chunk             |    10 |    13 |    12 |    34 |    87 |    77 |    64 |    83 ||   380
       Ration            |       |       |     1 |       |     1 |     1 |     1 |     1 ||     5
Armor: Leather armour    |    58 |    30 |       |       |       |       |       |       ||    88
       Plate armour      |       |    32 |   327 |   584 |   725 |   393 |   309 |    30 ||  2400
       Fire dragon scale |       |       |       |       |       |       |       |    82 ||    82
       Storm dragon scal |       |       |       |       |       |       |       |    42 ||    42
Dodge: Dodged            |   121 |    84 |   110 |   302 |   572 |   713 |   437 |   350 ||  2689

Table legend:
 A = Non-vault XP
 B = Vault XP
 C = Vault XP percentage of total XP
 D = Non-vault monster count
 E = Vault monster count
 F = Vault count percentage of total count
                 A         B        C        D         E       F
            +---------+---------+-------+---------+---------+-------
      Total |  379656 |  435177 |  53.4 |    1035 |     684 |  39.8
            +---------+---------+-------+---------+---------+-------
        D:1 |      34 |       0 |   0.0 |      19 |       0 |   0.0
        D:2 |      64 |       4 |   5.9 |      14 |       2 |  12.5
        D:3 |     157 |     295 |  65.3 |      34 |      11 |  24.4
        D:4 |     234 |     786 |  77.1 |      12 |       2 |  14.3
        D:5 |     552 |      38 |   6.4 |      20 |       2 |   9.1
        D:6 |     765 |       0 |   0.0 |      24 |       0 |   0.0
        D:7 |     793 |    1020 |  56.3 |      22 |       5 |  18.5
        D:8 |    1631 |    1068 |  39.6 |      21 |      14 |  40.0
        D:9 |    3580 |       0 |   0.0 |      43 |       0 |   0.0
       D:10 |    6717 |       0 |   0.0 |      33 |       0 |   0.0
       D:11 |    4220 |    2813 |  40.0 |      33 |       5 |  13.2
       D:12 |    2982 |    2603 |  46.6 |      25 |      18 |  41.9
       D:13 |    4806 |    1231 |  20.4 |      31 |      24 |  43.6
       D:14 |    3060 |    7915 |  72.1 |      10 |      15 |  60.0
       D:15 |    8030 |   10026 |  55.5 |      24 |      15 |  38.5
     Lair:1 |    5629 |    2582 |  31.4 |      21 |       2 |   8.7
     Lair:2 |    1242 |    3429 |  73.4 |       6 |      12 |  66.7
     Lair:3 |    2769 |     474 |  14.6 |      16 |       1 |   5.9
     Lair:4 |    4324 |     430 |   9.0 |      13 |       3 |  18.8
     Lair:5 |    6915 |     815 |  10.5 |      14 |       1 |   6.7
     Lair:6 |    4739 |   10455 |  68.8 |      16 |      52 |  76.5
   Shoals:1 |    7952 |    2365 |  22.9 |       9 |       1 |  10.0
   Shoals:2 |   13745 |       0 |   0.0 |      29 |       0 |   0.0
   Shoals:3 |    9719 |   14827 |  60.4 |      23 |      17 |  42.5
   Shoals:4 |   24621 |   25546 |  50.9 |      52 |      46 |  46.9
    Snake:1 |   13413 |     733 |   5.2 |      24 |       2 |   7.7
    Snake:2 |   14607 |    1647 |  10.1 |      35 |       1 |   2.8
    Snake:3 |    7115 |    6023 |  45.8 |      12 |      10 |  45.5
    Snake:4 |   23140 |   30863 |  57.2 |      43 |      49 |  53.3
      Orc:1 |    4152 |    1527 |  26.9 |      26 |      20 |  43.5
      Orc:2 |    2718 |   12175 |  81.7 |      35 |      63 |  64.3
      Elf:1 |   21838 |    6350 |  22.5 |      35 |      10 |  22.2
      Elf:2 |   12126 |   27281 |  69.2 |      19 |      34 |  64.2
      Elf:3 |   22710 |   43751 |  65.8 |      33 |      29 |  46.8
   Vaults:1 |   11675 |   31203 |  72.8 |      15 |      31 |  67.4
   Vaults:2 |   22061 |   36308 |  62.2 |      39 |      33 |  45.8
   Vaults:3 |   29160 |    9599 |  24.8 |      35 |      16 |  31.4
   Vaults:4 |   28475 |    7463 |  20.8 |      39 |      14 |  26.4
   Vaults:5 |   35550 |  114726 |  76.3 |      51 |      91 |  64.1
      IceCv |       0 |   11444 | 100.0 |       0 |      28 | 100.0
     WizLab |   11636 |    5362 |  31.5 |      30 |       5 |  14.3
            +---------+---------+-------+---------+---------+-------
